 Seeded DCSS version 0.31-a0-544-gceb718ecc6 (webtiles) character file.

Game seed: 3826825538972431165 (custom seed)

142 innerfire43 the Ruffian (level 5, 0/40 HPs)
             Began as a Gnoll Shapeshifter on Aug 15, 2023.
             Slain by a gnoll
             ... wielding a +0 spear
              (6 damage)
             ... on level 3 of the Dungeon.
             The game lasted 00:02:18 (1537 turns).

innerfire43 the Ruffian (Gnoll Shapeshifter)        Turns: 1537, Time: 00:02:18

Health: 0/40       AC:  3    Str: 15    XL:     5   Next: 25%
Magic:  7/7        EV: 14    Int:  4    God:
Gold:   234        SH:  0    Dex: 14    Spells: 6/6 levels left

rFire   . .          .
                       - Unarmed
rCold   . . .        (shield currently unavailable)
rNeg    + . .        a - +0 animal skin
rPois   .            s - +0 helmet
rElec   .            e - scarf of Fedhas's Supremacy {+Inv, rN+ rCorr Int-3 Slay+5}
rCorr   +            (no gloves)
SInv    .            (no boots)
Will    .....        (no amulet)
Stlth   +            (no ring)
HPRegen 0.26/turn    (no ring)
MPRegen 0.10/turn

%: no passive effects
@: flux-form, glowing
A: glow, contaminating, fangs 1, strong nose, distributed training
a: Begin Untransformation, Evoke Invisibility


You were on level 3 of the Dungeon.
You were something dangerously unstable.
You visited 1 branch of the dungeon, and saw 3 of its levels.

You collected 234 gold pieces.

Inventory:

Armour
 a - a +0 animal skin (worn)
 e - the scarf of Fedhas's Supremacy (worn) {+Inv, rN+ rCorr Int-3 Slay+5}
   (You acquired it on level 1 of the Dungeon)

   Int-3:     It affects your intelligence (-3).
   Slay+5:    It affects your accuracy & damage with ranged weapons and melee
   (+5).
   rN+:       It protects you from negative energy.
   rCorr:     It protects you from acid and corrosion.
 s - a +0 helmet (worn)
Jewellery
 q - a ring of protection from cold
Talismans
 c - a beast talisman
 d - a flux talisman (active)
Scrolls
 f - 2 scrolls of vulnerability {unknown}
 g - a scroll of amnesia {unknown}
 h - a scroll of brand weapon {unknown}
 j - 2 scrolls of identify {unknown}
 k - 3 scrolls of noise {unknown}
 o - a scroll of torment {unknown}
 r - a scroll of enchant armour {unknown}
Potions
 b - a potion of lignification
 i - 2 potions of mutation {unknown}
 l - a potion of enlightenment {unknown}
 m - 2 potions of curing {unknown}
 n - a potion of cancellation {unknown}
 p - a potion of brilliance {unknown}
 t - a potion of invisibility {unknown}


   Skills:
 + Level 2.9 Fighting
 + Level 1.4 Short Blades
 + Level 1.4 Long Blades
 + Level 1.4 Axes
 + Level 1.4 Maces & Flails
 + Level 1.4 Polearms
 + Level 1.4 Staves
 + Level 1.4 Ranged Weapons
 + Level 1.4 Throwing
 + Level 1.4 Armour
 + Level 4.7 Dodging
 + Level 1.4 Stealth
 + Level 1.4 Shields
 + Level 6.7 Unarmed Combat
 + Level 1.4 Spellcasting
 + Level 1.1 Conjurations
 + Level 1.1 Hexes
 + Level 1.1 Summonings
 + Level 1.1 Necromancy
 + Level 1.1 Translocations
 + Level 1.1 Transmutations
 + Level 1.1 Fire Magic
 + Level 1.1 Ice Magic
 + Level 1.1 Air Magic
 + Level 1.1 Earth Magic
 + Level 1.1 Poison Magic
 + Level 1.6 Invocations
 + Level 1.4 Evocations
 + Level 6.6 Shapeshifting


You had 6 spell levels left.
You didn't know any spells.
Your spell library was empty.

Dungeon Overview and Level Annotations

Branches:
Dungeon (3/15)

Altars:


Innate Abilities, Weirdness & Mutations

You are something dangerously unstable.
You glow with magical radiation, making you easy to see and hit.
Foes you strike become dangerously contaminated with magical radiation.
You are incapable of wielding weapons or throwing items.
You have very sharp teeth.
Your uncanny sense of smell can sniff out nearby items.
Your experience applies equally to all skills.


Message History

The gnoll hits you with a +0 club.
There are monsters nearby!
You barely miss the gnoll. You bite the gnoll.
The gnoll is severely wounded.
The gnoll closely misses you. The gnoll barely misses you.
There are monsters nearby!
You hit the gnoll.
The gnoll shudders as magic cascades through it!!
You kill the gnoll!
The gnoll hits you from afar with a +0 spear.
There are monsters nearby!
The gnoll hits you with a +0 spear!
Things that are here:
a +0 club; a gnoll corpse
There are monsters nearby!
You are too injured to fight recklessly!
There are monsters nearby!
You are too injured to fight recklessly!
Unknown command.
The gnoll attacks as you move away! The gnoll completely misses you.
The gnoll barely misses you.
You closely miss the gnoll.
The gnoll hits you from afar with a +0 spear.
The gnoll hits you with a +0 whip.
* * * LOW HITPOINT WARNING * * *
You punch the gnoll!
The gnoll begins to glow.
You bite the gnoll.
The gnoll is heavily wounded.
You punch the gnoll!
You kill the gnoll!
The gnoll hits you from afar with a +0 spear.
* * * LOW HITPOINT WARNING * * *
Unknown command.
You closely miss the hobgoblin. The hobgoblin closely misses you.
The gnoll hits you from afar with a +0 spear.
* * * LOW HITPOINT WARNING * * *
You hit the hobgoblin.
The hobgoblin begins to glow.
The hobgoblin is heavily wounded.
The hobgoblin barely misses you.
The gnoll hits you from afar with a +0 spear.
You die...

####.#.#### #.#.#
# #.#.# # #.#.####
#. #......#
#.####### #..###.#
#.......#####....#
###..............#
#B###.........##
#g#....########
#..gg#....#
........+....#
###.....#....#
.......###+##
.###....# #....#
#....#


You could see 2 gnolls and a hobgoblin (contam).

Vanquished Creatures
  Jessica (D:2)
  Robin (D:2)
  3 adders (D:2)
  2 gnolls (D:3)
  A dart slug (D:1)
  4 bats
  6 endoplasms
  3 giant cockroaches (D:1)
  11 goblins
  5 hobgoblins
  2 jackals (D:2)
  3 kobolds
  A quokka (D:2)
  3 ball pythons
  A frilled lizard (D:1)
  4 rats (D:1)
51 creatures vanquished.

Notes
Turn   | Place    | Note
-------+----------+-------------------------------------------
     0 | D:1      | innerfire43 the Gnoll Shapeshifter began the quest for the
                  | Orb.
     0 | D:1      | Reached XP level 1. HP: 17/17 MP: 1/1
   182 | D:1      | Reached XP level 2. HP: 23/23 MP: 2/2
   246 | D:1      | Identified a scroll of acquirement
   246 | D:1      | Acquired the scarf of Fedhas's Supremacy {+Inv, rN+ rCorr
                  | Int-3 Slay+5}
   470 | D:1      | Reached XP level 3. HP: 28/28 MP: 3/3
   715 | D:2      | Noticed Jessica
   718 | D:2      | Killed Jessica
   719 | D:2      | Reached skill level 1 in Short Blades
   719 | D:2      | Reached skill level 1 in Long Blades
   719 | D:2      | Reached skill level 1 in Axes
   719 | D:2      | Reached skill level 1 in Maces & Flails
   719 | D:2      | Reached skill level 1 in Polearms
   719 | D:2      | Reached skill level 1 in Staves
   719 | D:2      | Reached skill level 1 in Ranged Weapons
   719 | D:2      | Reached skill level 1 in Throwing
   719 | D:2      | Reached skill level 1 in Armour
   719 | D:2      | Reached skill level 1 in Stealth
   719 | D:2      | Reached skill level 1 in Shields
   719 | D:2      | Reached skill level 1 in Spellcasting
   719 | D:2      | Reached skill level 1 in Invocations
   719 | D:2      | Reached skill level 1 in Evocations
   882 | D:2      | Reached XP level 4. HP: 34/34 MP: 5/5
  1005 | D:2      | Noticed Robin
  1007 | D:2      | Reached skill level 1 in Conjurations
  1007 | D:2      | Reached skill level 1 in Hexes
  1007 | D:2      | Reached skill level 1 in Summonings
  1007 | D:2      | Reached skill level 1 in Necromancy
  1007 | D:2      | Reached skill level 1 in Translocations
  1007 | D:2      | Reached skill level 1 in Transmutations
  1007 | D:2      | Reached skill level 1 in Fire Magic
  1007 | D:2      | Reached skill level 1 in Ice Magic
  1007 | D:2      | Reached skill level 1 in Air Magic
  1007 | D:2      | Reached skill level 1 in Earth Magic
  1007 | D:2      | Reached skill level 1 in Poison Magic
  1012 | D:2      | Killed Robin
  1215 | D:2      | Reached XP level 5. HP: 35/40 MP: 5/7
  1537 | D:3      | Slain by a gnoll

Illustrated notes

Levels and vault maps discovered:
D:1:      roderic_crop_circles_arrival_large, layout_basic
D:2:      layout_basic, minmay_distorted, uniq_robin, uniq_jessica
D:3:      layout_basic, minivault_24, minmay_box_of_dots

Skill      XL: |  1  2  3  4 |
---------------+-------------+-----
Short Blades   | 1 |  1.4
Long Blades    | 1 |  1.4
Axes           | 1 |  1.4
Maces & Flails | 1 |  1.4
Polearms       | 1 |  1.4
Staves         | 1 |  1.4
Ranged Weapons | 1 |  1.4
Throwing       | 1 |  1.4
Armour         | 1 |  1.4
Stealth        | 1 |  1.4
Shields        | 1 |  1.4
Spellcasting   | 1 |  1.4
Invocations    | 1 |  1.6
Evocations     | 1 |  1.4
Conjurations   | 1 |  1.1
Hexes          | 1 |  1.1
Summonings     | 1 |  1.1
Necromancy     | 1 |  1.1
Translocations | 1 |  1.1
Transmutations | 1 |  1.1
Fire Magic     | 1 |  1.1
Ice Magic      | 1 |  1.1
Air Magic      | 1 |  1.1
Earth Magic    | 1 |  1.1
Poison Magic   | 1 |  1.1
Fighting       | |  2.9
Dodging        | |  4.7
Unarmed Combat | |  6.7
Shapeshifting  | |  6.6

Action                     |  1- 3 |  4- 6 || total
---------------------------+-------+-------++-------
  Melee: Unarmed           |    73 |    60 ||   133
         Bite              |     8 |     5 ||    13
    Use: Scroll            |     1 |       ||     1
 Armour: Animal skin       |    15 |     7 ||    22
  Dodge: Dodged            |    59 |    50 ||   109
   Form: Flux              |     1 |       ||     1

Table legend: (Time is in decaauts)
 A = Elapsed time spent in this place.
 B = Non-inter-level travel time spent in this place.
 C = Inter-level travel time spent in this place.
 D = Time resting spent in this place.
 E = Time spent auto-exploring this place.
 F = Levels seen in this place.
 G = Mean time per level.
                   A        B        C        D        E       F      G
               +--------+--------+--------+--------+--------+-----+--------+
         Total |   1520 |   1459 |     61 |      0 |   1149 |   3 |  506.7 |
       Dungeon |   1520 |   1459 |     61 |      0 |   1149 |   3 |  506.7 |
               +--------+--------+--------+--------+--------+-----+--------+

Top non-repeatable levels by time:
     D:2: 714 daAuts
     D:1: 707 daAuts
     D:3: 98 daAuts
